[ AOE2 MATCH · #471656210 ]
Team RMTeutons vs Ethiopians
[ REPLAY ANALYSIS · EXTRACTED FROM THE RECORDED GAME ]
Feudal
12:24
Castle
—
Imperial
—
| APM avg | 6.7 |
| APM peak | 23 |
| eAPM avg | 5.0 |
| Villagers / military | 47 / 12 |
Focus
⚔️ 21.6% · 🌾 78.4%
Spearman ×11 · Transport Ship ×1
Feudal
11:11
Castle
26:13
Imperial
—
| APM avg | 20.8 |
| APM peak | 45 |
| eAPM avg | 12.4 |
| Villagers / military | 79 / 22 |
Focus
⚔️ 16.4% · 🌾 83.6%
Fishing Ship ×17 · Archer ×10 · Militia ×8 · Shotel Warrior ×3 · Transport Ship ×1
Feudal
—
Castle
—
Imperial
—
| APM avg | 12.8 |
| APM peak | 112 |
| eAPM avg | 12.3 |
| Villagers / military | 49 / 18 |
Focus
⚔️ 7.8% · 🌾 92.2%
Berserk ×13 · Transport Ship ×3 · Trade Cart ×2 · Monk ×2
Feudal
13:49
Castle
25:24
Imperial
—
| APM avg | 17.8 |
| APM peak | 43 |
| eAPM avg | 10.6 |
| Villagers / military | 58 / 20 |
Focus
⚔️ 26.4% · 🌾 73.6%
Fishing Ship ×12 · Militia ×9 · Unknown (1944) ×7 · Unknown (1952) ×5 · Scout Cavalry ×3 · Transport Ship ×2
Feudal
—
Castle
—
Imperial
—
| APM avg | 3.5 |
| APM peak | 90 |
| eAPM avg | 0.6 |
| Villagers / military | 4 / 0 |
Focus
⚔️ 0.0% · 🌾 100.0%
Feudal
13:46
Castle
19:02
Imperial
—
| APM avg | 15.0 |
| APM peak | 52 |
| eAPM avg | 10.3 |
| Villagers / military | 80 / 47 |
Focus
⚔️ 27.4% · 🌾 72.6%
Camel Scout ×31 · Fishing Ship ×18 · Ghulam ×7 · Fire Galley ×5 · Transport Ship ×2 · Galley ×2
Feudal
12:07
Castle
19:54
Imperial
—
| APM avg | 14.1 |
| APM peak | 35 |
| eAPM avg | 8.9 |
| Villagers / military | 48 / 9 |
Focus
⚔️ 22.5% · 🌾 77.5%
Militia ×7 · Fishing Ship ×3 · Fire Galley ×2
Feudal
9:58
Castle
19:30
Imperial
—
| APM avg | 8.0 |
| APM peak | 29 |
| eAPM avg | 6.3 |
| Villagers / military | 104 / 1 |
Focus
⚔️ 12.9% · 🌾 87.1%
Trade Cog ×25 · Fishing Ship ×1 · Transport Ship ×1
Match map
Initial resources + every placement click. Lines = walls · curves = elevation contours. ◆ gold · ⬟ stone · ● berries · ✦ relic · ◌ wall gap
Your base· ✓ Map-separated
maxhell's base· ✓ Map-separated
NachoBeech2028's base· ✓ Map-separated
Klarinsky_93's base· ✓ Map-separated
mikinemesis's base· ✓ Map-separated
frobodo's base· ✓ Map-separated
Wilson Winston's base· ✓ Map-separated
Strangelyluke's base· ✓ Map-separated
Smoothed initial terrain · ◌ = detected wall gap · hover for details
Inputs per minute
— Lukrat - - maxhell
Build order — Lukrat
95 actions detected in the replay
| 0:08 | Build | House |
| 0:08 | Build | House |
| 0:09 | Build | House |
| 0:15 | Create | Villager (Male) ×4 |
| 0:15 | Research | Loom |
| 0:33 | Build | House |
| 1:53 | Build | Mill |
| 2:06 | Create | Villager (Male) |
| 2:30 | Create | Villager (Male) |
| 3:03 | Create | Villager (Male) |
| 4:13 | Create | Villager (Male) |
| 4:13 | Create | Villager (Male) |
| 4:13 | Create | Villager (Male) |
| 4:14 | Create | Villager (Male) |
| 5:00 | Create | Villager (Male) |
| 5:01 | Create | Villager (Male) |
| 5:01 | Create | Villager (Male) |
| 6:29 | Create | Villager (Male) |
| 6:29 | Create | Villager (Male) |
| 6:30 | Create | Villager (Male) |
| 7:41 | Build | Mill |
| 8:56 | Create | Villager (Male) |
| 8:56 | Create | Villager (Male) |
| 8:56 | Create | Villager (Male) |
| 9:26 | Build | Lumber Camp |
| 9:35 | Build | Mining Camp |
| 9:54 | Build | Mining Camp |
| 10:14 | Research | Feudal Age |
| 10:14 | Research | Feudal Age |
| 10:43 | Build | Barracks |
| 11:51 | Build | Dock |
| 12:24 | Age | Feudal Age |
| 12:47 | Research | Wheelbarrow |
| 12:51 | Research | Double-Bit Axe |
| 12:58 | Research | Gold Mining |
| 13:10 | Research | Stone Mining |
| 13:19 | Build | House |
| 13:24 | Build | Blacksmith |
| 13:37 | Create | Villager (Male) |
| 13:44 | Create | Villager (Male) |
| 14:06 | Create | Transport Ship |
| 14:25 | Research | Horse Collar |
| 14:38 | Create | Villager (Male) |
| 15:16 | Create | Villager (Male) |
| 15:27 | Create | Villager (Male) |
| 15:58 | Build | House |
| 16:04 | Create | Villager (Male) |
| 17:22 | Build | House |
| 17:29 | Create | Villager (Male) |
| 17:31 | Create | Villager (Male) |
| 17:33 | Create | Villager (Male) |
| 17:34 | Create | Villager (Male) |
| 18:23 | Create | Villager (Male) |
| 18:24 | Create | Villager (Male) |
| 24:38 | Create | Villager (Male) |
| 24:39 | Create | Villager (Male) |
| 24:39 | Create | Villager (Male) |
| 24:39 | Create | Villager (Male) |
| 24:39 | Create | Villager (Male) |
| 24:40 | Create | Villager (Male) |
| 24:40 | Create | Villager (Male) |
| 24:40 | Create | Villager (Male) |
| 24:41 | Create | Villager (Male) |
| 24:41 | Create | Villager (Male) |
| 24:52 | Create | Spearman |
| 24:52 | Create | Spearman |
| 24:53 | Create | Spearman |
| 24:53 | Create | Spearman |
| 24:53 | Create | Spearman |
| 25:04 | Create | Spearman |
| 25:04 | Create | Spearman |
| 25:04 | Create | Spearman |
| 25:04 | Create | Spearman |
| 25:04 | Create | Spearman |
| 25:05 | Create | Spearman |
| 25:14 | Build | Lumber Camp |
| 26:10 | Build | Watch Tower |
| 26:30 | Build | Watch Tower |
| 28:46 | Build | Farm |
| 28:47 | Build | Farm |
| 28:47 | Build | Farm |
| 28:48 | Build | Farm |
| 28:49 | Build | Farm |
| 28:50 | Build | Farm |
| 28:51 | Build | Farm |
| 28:52 | Build | Farm |
| 28:53 | Build | Farm |
| 28:54 | Build | Farm |
| 31:16 | Create | Villager (Male) |
| 31:16 | Create | Villager (Male) |
| 31:17 | Create | Villager (Male) |
| 31:17 | Create | Villager (Male) |
| 31:17 | Create | Villager (Male) |
| 34:48 | Build | Lumber Camp |
| 35:06 | Research | Castle Age |
Build order — maxhell
First 150 of 212 actions detected
| 0:03 | Create | Villager (Male) |
| 0:04 | Create | Villager (Male) |
| 0:09 | Build | House |
| 0:13 | Build | House |
| 1:08 | Create | Villager (Male) |
| 1:08 | Create | Villager (Male) |
| 1:08 | Create | Villager (Male) |
| 1:43 | Create | Villager (Male) |
| 1:43 | Create | Villager (Male) |
| 2:12 | Create | Villager (Male) |
| 2:12 | Create | Villager (Male) |
| 2:34 | Create | Villager (Male) |
| 2:59 | Create | Villager (Male) |
| 3:07 | Create | Villager (Male) |
| 3:08 | Create | Villager (Male) |
| 3:34 | Create | Villager (Male) |
| 3:34 | Create | Villager (Male) |
| 3:59 | Build | House |
| 4:22 | Create | Villager (Male) |
| 4:22 | Create | Villager (Male) |
| 4:28 | Build | House |
| 4:52 | Create | Villager (Male) |
| 4:52 | Create | Villager (Male) |
| 5:05 | Build | Lumber Camp |
| 5:39 | Create | Villager (Male) |
| 5:39 | Create | Villager (Male) |
| 5:39 | Create | Villager (Male) |
| 7:09 | Build | Mill |
| 7:59 | Build | Mining Camp |
| 9:01 | Research | Feudal Age |
| 9:10 | Build | Dock |
| 9:35 | Build | House |
| 9:38 | Build | House |
| 9:57 | Build | Dock |
| 10:26 | Create | Fishing Ship |
| 10:43 | Build | House |
| 10:44 | Build | House |
| 11:11 | Age | Feudal Age |
| 11:19 | Build | Dock |
| 12:08 | Create | Villager (Male) |
| 12:11 | Research | Wheelbarrow |
| 12:13 | Research | Double-Bit Axe |
| 12:15 | Research | Horse Collar |
| 12:37 | Create | Transport Ship |
| 13:10 | Create | Villager (Male) |
| 13:21 | Research | Tech 906 |
| 13:22 | Create | Fishing Ship |
| 14:28 | Create | Fishing Ship |
| 14:33 | Create | Fishing Ship |
| 14:35 | Create | Fishing Ship |
| 14:41 | Create | Villager (Male) |
| 14:42 | Create | Villager (Male) |
| 14:42 | Create | Villager (Male) |
| 15:29 | Create | Villager (Male) |
| 15:29 | Create | Villager (Male) |
| 15:58 | Create | Villager (Male) |
| 15:59 | Create | Villager (Male) |
| 16:27 | Create | Villager (Male) |
| 16:28 | Create | Villager (Male) |
| 16:28 | Create | Villager (Male) |
| 16:29 | Create | Villager (Male) |
| 16:39 | Build | Blacksmith |
| 16:47 | Build | Market |
| 16:50 | Create | Villager (Male) |
| 16:51 | Create | Villager (Male) |
| 16:51 | Create | Villager (Male) |
| 16:52 | Create | Villager (Male) |
| 16:59 | Build | Barracks |
| 17:17 | Create | Fishing Ship |
| 17:17 | Create | Fishing Ship |
| 17:23 | Create | Fishing Ship |
| 17:23 | Create | Fishing Ship |
| 17:27 | Create | Villager (Male) |
| 17:27 | Create | Villager (Male) |
| 18:04 | Research | Man-at-Arms (upgrade) |
| 18:05 | Create | Militia |
| 18:06 | Create | Militia |
| 18:13 | Build | Archery Range |
| 18:20 | Create | Villager (Male) |
| 18:38 | Build | House |
| 18:39 | Build | House |
| 18:40 | Build | House |
| 19:03 | Create | Archer ×5 |
| 19:12 | Build | Mining Camp |
| 19:20 | Create | Militia |
| 19:20 | Create | Militia |
| 19:33 | Research | Scale Mail Armor |
| 19:51 | Create | Archer |
| 19:51 | Create | Archer |
| 20:26 | Create | Militia |
| 20:27 | Create | Militia |
| 20:30 | Create | Archer ×3 |
| 20:37 | Create | Villager (Male) |
| 20:37 | Create | Villager (Male) |
| 20:37 | Create | Villager (Male) |
| 20:41 | Build | Farm |
| 21:22 | Create | Militia |
| 21:23 | Create | Militia |
| 22:24 | Create | Villager (Male) |
| 22:24 | Create | Villager (Male) |
| 22:24 | Create | Villager (Male) |
| 22:32 | Build | Mining Camp |
| 23:28 | Build | House |
| 23:29 | Build | House |
| 23:31 | Build | House |
| 23:33 | Research | Castle Age |
| 23:44 | Build | Mining Camp |
| 24:25 | Build | House |
| 24:26 | Build | House |
| 24:30 | Build | Farm |
| 24:31 | Build | Farm |
| 24:32 | Build | Farm |
| 24:33 | Build | Farm |
| 24:34 | Build | Farm |
| 24:50 | Build | Barracks |
| 25:05 | Build | House |
| 25:06 | Build | House |
| 25:07 | Build | House |
| 25:08 | Build | House |
| 25:26 | Create | Villager (Male) |
| 25:27 | Create | Villager (Male) |
| 25:32 | Build | Farm |
| 25:33 | Build | Farm |
| 25:34 | Build | Farm |
| 25:39 | Create | Fishing Ship |
| 25:43 | Create | Fishing Ship |
| 25:57 | Build | Lumber Camp |
| 26:13 | Age | Castle Age |
| 26:20 | Build | House |
| 26:48 | Build | Mining Camp |
| 26:53 | Research | Stone Mining |
| 27:04 | Build | House |
| 27:16 | Create | Villager (Male) |
| 27:16 | Create | Villager (Male) |
| 27:41 | Build | Town Center |
| 28:07 | Build | Lumber Camp |
| 28:29 | Build | Castle |
| 28:51 | Build | Town Center |
| 29:19 | Research | Hand Cart |
| 30:06 | Build | Dock |
| 30:31 | Create | Villager (Male) |
| 30:31 | Create | Villager (Male) |
| 30:31 | Create | Villager (Male) |
| 30:37 | Create | Villager (Male) |
| 30:38 | Create | Villager (Male) |
| 30:38 | Create | Villager (Male) |
| 30:44 | Build | Castle |
| 31:10 | Research | Gillnets |
| 31:10 | Create | Fishing Ship |
| 31:11 | Create | Fishing Ship |
Build order — NachoBeech2028
First 150 of 201 actions detected
| 0:01 | Create | Villager (Male) |
| 0:06 | Build | House |
| 0:10 | Build | House |
| 0:21 | Create | Villager (Male) |
| 0:21 | Create | Villager (Male) |
| 0:44 | Create | Villager (Male) |
| 1:59 | Create | Villager (Male) |
| 2:11 | Create | Villager (Male) |
| 2:11 | Create | Villager (Male) |
| 2:43 | Create | Villager (Male) |
| 3:02 | Create | Villager (Male) |
| 3:02 | Create | Villager (Male) |
| 4:02 | Create | Villager (Male) |
| 4:02 | Create | Villager (Male) |
| 4:26 | Build | Lumber Camp |
| 4:49 | Create | Villager (Male) |
| 6:32 | Build | Mill |
| 7:10 | Build | Barracks |
| 8:38 | Research | Feudal Age |
| 9:04 | Build | Palisade Wall |
| 9:46 | Build | House |
| 9:47 | Build | House |
| 9:49 | Build | House |
| 10:01 | Build | House |
| 10:56 | Create | Villager (Male) |
| 10:56 | Create | Villager (Male) |
| 10:57 | Create | Villager (Male) |
| 10:57 | Create | Villager (Male) |
| 10:57 | Create | Villager (Male) |
| 11:10 | Build | Mill |
| 11:31 | Build | Mining Camp |
| 12:51 | Build | Mining Camp |
| 13:01 | Create | Villager (Male) |
| 13:55 | Create | Villager (Male) |
| 13:55 | Create | Villager (Male) |
| 13:56 | Create | Villager (Male) |
| 13:56 | Create | Villager (Male) |
| 13:58 | Create | Villager (Male) |
| 14:57 | Build | Market |
| 15:47 | Create | Villager (Male) |
| 16:09 | Build | Blacksmith |
| 17:26 | Create | Trade Cart |
| 17:26 | Create | Trade Cart |
| 17:47 | Build | Lumber Camp |
| 18:16 | Research | Castle Age |
| 19:51 | Build | House |
| 19:52 | Build | House |
| 19:53 | Build | House |
| 19:54 | Build | House |
| 21:07 | Build | Town Center |
| 21:21 | Build | Monastery |
| 21:29 | Build | Farm |
| 21:35 | Build | Farm |
| 22:20 | Create | Villager (Male) |
| 22:21 | Create | Villager (Male) |
| 22:21 | Create | Villager (Male) |
| 22:21 | Create | Villager (Male) |
| 22:22 | Create | Villager (Male) |
| 22:22 | Create | Villager (Male) |
| 22:44 | Create | Monk |
| 22:44 | Create | Monk |
| 23:03 | Build | Castle |
| 23:26 | Build | Dock |
| 24:30 | Build | Farm |
| 24:30 | Build | Farm |
| 24:30 | Build | Farm |
| 24:30 | Build | Farm |
| 24:30 | Build | Farm |
| 24:30 | Build | Farm |
| 24:30 | Build | Farm |
| 24:30 | Build | Farm |
| 24:30 | Build | Farm |
| 24:30 | Build | Farm |
| 24:30 | Build | Farm |
| 24:30 | Build | Farm |
| 24:30 | Build | Farm |
| 24:30 | Build | Farm |
| 24:30 | Build | Farm |
| 24:30 | Build | Farm |
| 24:30 | Build | Farm |
| 24:30 | Build | Farm |
| 24:30 | Build | Farm |
| 24:30 | Build | Farm |
| 24:30 | Build | Farm |
| 24:30 | Build | Farm |
| 24:30 | Build | Farm |
| 24:30 | Build | Farm |
| 24:30 | Build | Farm |
| 24:30 | Build | Farm |
| 24:30 | Build | Farm |
| 24:30 | Build | Farm |
| 24:30 | Build | Farm |
| 24:30 | Build | Farm |
| 24:30 | Build | Farm |
| 24:30 | Build | Farm |
| 24:30 | Build | Farm |
| 24:30 | Build | Farm |
| 24:30 | Build | Farm |
| 24:31 | Create | Villager (Male) |
| 24:31 | Create | Villager (Male) |
| 24:31 | Create | Villager (Male) |
| 24:31 | Create | Villager (Male) |
| 24:32 | Create | Villager (Male) |
| 24:32 | Create | Villager (Male) |
| 24:32 | Create | Villager (Male) |
| 24:32 | Create | Villager (Male) |
| 24:32 | Create | Villager (Male) |
| 24:32 | Create | Villager (Male) |
| 24:34 | Create | Villager (Male) |
| 24:34 | Create | Villager (Male) |
| 24:34 | Create | Villager (Male) |
| 24:34 | Create | Villager (Male) |
| 24:34 | Create | Villager (Male) |
| 24:34 | Create | Villager (Male) |
| 24:54 | Build | Farm |
| 24:54 | Build | Farm |
| 24:54 | Build | Farm |
| 24:56 | Build | Farm |
| 24:56 | Build | Farm |
| 24:56 | Build | Farm |
| 24:56 | Build | Farm |
| 24:56 | Build | Farm |
| 24:56 | Build | Farm |
| 24:56 | Build | Farm |
| 24:56 | Build | Farm |
| 24:56 | Build | Farm |
| 24:56 | Build | Farm |
| 24:56 | Build | Farm |
| 24:56 | Build | Farm |
| 25:41 | Build | Farm |
| 25:43 | Create | Villager (Male) |
| 25:43 | Create | Villager (Male) |
| 25:51 | Build | Farm |
| 25:51 | Build | Farm |
| 25:51 | Build | Farm |
| 25:51 | Build | Farm |
| 25:51 | Build | Farm |
| 25:51 | Build | Farm |
| 25:51 | Build | Farm |
| 25:51 | Build | Farm |
| 25:57 | Build | Farm |
| 25:57 | Build | Farm |
| 25:57 | Build | Farm |
| 25:57 | Build | Farm |
| 25:57 | Build | Farm |
| 25:57 | Build | Farm |
| 25:57 | Build | Farm |
| 25:57 | Build | Farm |
| 25:57 | Build | Farm |
| 25:57 | Build | Farm |
Build order — Klarinsky_93
First 150 of 174 actions detected
| 0:03 | Create | Villager (Male) |
| 0:03 | Create | Villager (Male) |
| 0:03 | Create | Villager (Male) |
| 0:04 | Create | Villager (Male) |
| 0:10 | Build | House |
| 0:11 | Build | House |
| 0:16 | Build | House |
| 1:35 | Create | Villager (Male) |
| 2:19 | Create | Villager (Male) |
| 2:19 | Create | Villager (Male) |
| 2:35 | Create | Villager (Male) |
| 2:36 | Create | Villager (Male) |
| 3:09 | Create | Villager (Male) |
| 3:23 | Create | Villager (Male) |
| 3:24 | Create | Villager (Male) |
| 4:04 | Create | Villager (Male) |
| 4:23 | Build | Lumber Camp |
| 4:40 | Build | Mining Camp |
| 4:43 | Create | Villager (Male) |
| 4:43 | Create | Villager (Male) |
| 5:11 | Create | Villager (Male) |
| 5:20 | Build | Mill |
| 5:43 | Create | Villager (Male) |
| 6:01 | Create | Villager (Male) |
| 6:26 | Build | Dock |
| 6:38 | Create | Villager (Male) |
| 6:39 | Create | Villager (Male) |
| 7:03 | Create | Villager (Male) |
| 7:14 | Build | House |
| 7:16 | Build | House |
| 7:29 | Create | Fishing Ship |
| 7:56 | Create | Villager (Male) |
| 7:56 | Create | Villager (Male) |
| 8:29 | Create | Fishing Ship |
| 8:42 | Research | Loom |
| 8:43 | Create | Villager (Male) |
| 9:39 | Create | Fishing Ship |
| 9:39 | Create | Fishing Ship |
| 9:43 | Create | Villager (Male) |
| 10:22 | Create | Fishing Ship |
| 10:33 | Create | Villager (Male) |
| 11:39 | Research | Feudal Age |
| 11:46 | Build | Barracks |
| 12:19 | Build | House |
| 12:20 | Build | House |
| 13:10 | Create | Fishing Ship |
| 13:10 | Create | Fishing Ship |
| 13:49 | Age | Feudal Age |
| 14:03 | Build | Dock |
| 14:13 | Build | Blacksmith |
| 14:29 | Build | Market |
| 14:38 | Research | Bloodlines |
| 14:41 | Research | Arson |
| 14:47 | Research | Wheelbarrow |
| 14:51 | Create | Villager (Male) |
| 14:53 | Create | Villager (Male) |
| 14:54 | Create | Villager (Male) |
| 14:58 | Research | Double-Bit Axe |
| 15:01 | Research | Gold Mining |
| 15:21 | Create | Scout Cavalry |
| 15:32 | Research | Man-at-Arms (upgrade) |
| 15:51 | Create | Militia |
| 15:52 | Create | Militia |
| 15:57 | Create | Transport Ship |
| 16:24 | Research | Scale Barding Armor |
| 16:34 | Create | Militia |
| 16:46 | Build | House |
| 16:48 | Build | House |
| 16:50 | Build | House |
| 17:09 | Research | Forging |
| 17:19 | Create | Scout Cavalry |
| 17:53 | Create | Scout Cavalry |
| 18:31 | Create | Fire Galley |
| 18:31 | Create | Fire Galley |
| 18:32 | Create | Unit 2626 |
| 18:32 | Create | Unit 2626 |
| 18:42 | Research | Scale Mail Armor |
| 22:44 | Research | Castle Age |
| 22:45 | Create | Villager (Male) |
| 22:45 | Create | Villager (Male) |
| 22:57 | Create | Militia |
| 22:57 | Create | Militia |
| 22:58 | Create | Militia |
| 24:06 | Create | Villager (Male) |
| 24:06 | Create | Villager (Male) |
| 24:47 | Create | Villager (Male) |
| 24:48 | Create | Villager (Male) |
| 24:56 | Build | Farm |
| 24:57 | Build | Farm |
| 24:57 | Build | Farm |
| 24:57 | Build | Farm |
| 24:57 | Build | Farm |
| 24:58 | Build | Farm |
| 24:58 | Build | Farm |
| 24:58 | Build | Farm |
| 24:59 | Build | Farm |
| 24:59 | Build | Farm |
| 24:59 | Build | Farm |
| 25:24 | Age | Castle Age |
| 26:28 | Create | Villager (Male) |
| 26:33 | Research | Hand Cart |
| 26:46 | Build | Siege Workshop |
| 26:51 | Build | Town Center |
| 26:55 | Build | Town Center |
| 27:00 | Build | Town Center |
| 27:22 | Create | Villager (Male) |
| 27:23 | Create | Villager (Male) |
| 27:23 | Create | Villager (Male) |
| 27:35 | Build | House |
| 27:36 | Build | House |
| 27:37 | Build | House |
| 27:38 | Build | House |
| 27:41 | Build | House |
| 27:45 | Build | University |
| 27:49 | Build | Monastery |
| 29:03 | Research | Chain Barding Armor |
| 29:07 | Research | Husbandry |
| 29:17 | Research | Pikeman (upgrade) |
| 29:19 | Research | Long Swordsman (upgrade) |
| 29:33 | Research | War Galley (upgrade) |
| 29:39 | Research | Tech 906 |
| 29:41 | Create | Fishing Ship |
| 29:41 | Create | Fishing Ship |
| 29:41 | Create | Fishing Ship |
| 29:54 | Build | Dock |
| 30:07 | Create | Monk |
| 30:09 | Research | Bow Saw |
| 30:14 | Create | Villager (Male) |
| 30:14 | Create | Villager (Male) |
| 30:33 | Create | Villager (Male) |
| 30:33 | Create | Villager (Male) |
| 30:36 | Create | Villager (Male) |
| 30:36 | Create | Villager (Male) |
| 30:53 | Create | Unit 1944 |
| 31:08 | Build | Town Center |
| 31:23 | Create | Villager (Male) |
| 31:23 | Create | Villager (Male) |
| 31:32 | Research | Ballistics |
| 31:35 | Research | Treadmill Crane |
| 31:52 | Create | Villager (Male) |
| 31:52 | Create | Villager (Male) |
| 31:52 | Create | Villager (Male) |
| 31:53 | Create | Villager (Male) |
| 32:06 | Research | Horse Collar |
| 32:12 | Create | Unit 1944 |
| 32:26 | Build | Archery Range |
| 32:41 | Create | Unit 1944 |
| 32:42 | Create | Unit 1944 |
| 32:56 | Create | Unit 1944 |
| 33:01 | Create | Militia |
Build order — mikinemesis
10 actions detected in the replay
| 0:11 | Build | House |
| 0:12 | Build | House |
| 0:14 | Build | House |
| 0:14 | Build | House |
| 0:22 | Build | Mill |
| 0:24 | Research | Loom |
| 0:25 | Create | Villager (Male) |
| 0:25 | Create | Villager (Male) |
| 0:26 | Create | Villager (Male) |
| 0:26 | Create | Villager (Male) |
Build order — frobodo
First 150 of 212 actions detected
| 0:02 | Create | Villager (Male) |
| 0:02 | Create | Villager (Male) |
| 0:02 | Create | Villager (Male) |
| 0:03 | Create | Villager (Male) |
| 0:04 | Build | House |
| 0:07 | Build | House |
| 1:18 | Create | Villager (Male) |
| 1:18 | Create | Villager (Male) |
| 1:58 | Create | Villager (Male) |
| 2:30 | Create | Villager (Male) |
| 2:31 | Create | Villager (Male) |
| 2:51 | Build | Lumber Camp |
| 3:11 | Create | Villager (Male) |
| 3:12 | Create | Villager (Male) |
| 3:34 | Create | Villager (Male) |
| 4:12 | Create | Villager (Male) |
| 4:31 | Create | Villager (Male) |
| 4:31 | Create | Villager (Male) |
| 4:44 | Build | House |
| 5:29 | Build | Dock |
| 5:34 | Create | Villager (Male) |
| 5:35 | Create | Villager (Male) |
| 5:38 | Create | Villager (Male) |
| 5:57 | Create | Villager (Male) |
| 6:18 | Create | Villager (Male) |
| 6:19 | Create | Villager (Male) |
| 7:02 | Create | Fishing Ship |
| 7:02 | Create | Fishing Ship |
| 7:02 | Create | Fishing Ship |
| 7:13 | Build | House |
| 7:21 | Create | Fishing Ship |
| 7:21 | Create | Fishing Ship |
| 7:22 | Create | Fishing Ship |
| 7:22 | Create | Fishing Ship |
| 7:42 | Create | Villager (Male) |
| 7:42 | Create | Villager (Male) |
| 7:43 | Create | Villager (Male) |
| 7:51 | Build | Mill |
| 8:48 | Create | Villager (Male) |
| 9:04 | Build | House |
| 9:16 | Create | Villager (Male) |
| 9:29 | Build | House |
| 9:32 | Build | House |
| 10:19 | Create | Villager (Male) |
| 10:19 | Create | Villager (Male) |
| 10:32 | Research | Feudal Age |
| 11:08 | Build | Mining Camp |
| 11:46 | Build | Mining Camp |
| 12:15 | Build | Mill |
| 12:44 | Create | Villager (Male) |
| 12:44 | Create | Villager (Male) |
| 13:06 | Create | Fishing Ship |
| 13:06 | Create | Fishing Ship |
| 13:07 | Create | Fishing Ship |
| 13:07 | Create | Fishing Ship |
| 13:07 | Create | Fishing Ship |
| 13:15 | Create | Villager (Male) |
| 13:16 | Create | Villager (Male) |
| 13:42 | Build | Dock |
| 13:46 | Age | Feudal Age |
| 14:12 | Build | Lumber Camp |
| 14:21 | Build | House |
| 14:23 | Build | House |
| 14:28 | Build | House |
| 14:39 | Build | House |
| 14:40 | Build | House |
| 14:41 | Build | House |
| 14:51 | Create | Fire Galley |
| 14:52 | Create | Fire Galley |
| 15:00 | Create | Villager (Male) |
| 15:00 | Create | Villager (Male) |
| 15:28 | Build | Blacksmith |
| 16:22 | Research | Castle Age |
| 16:25 | Create | Villager (Male) |
| 16:26 | Create | Villager (Male) |
| 16:39 | Build | Market |
| 16:48 | Build | Barracks |
| 17:50 | Create | Villager (Male) |
| 18:14 | Create | Villager (Male) |
| 18:14 | Create | Villager (Male) |
| 18:57 | Build | Stable |
| 18:58 | Build | Stable |
| 19:02 | Age | Castle Age |
| 19:38 | Create | Transport Ship |
| 19:51 | Build | Town Center |
| 20:08 | Build | Town Center |
| 20:11 | Create | Villager (Male) |
| 20:12 | Create | Villager (Male) |
| 20:12 | Create | Villager (Male) |
| 20:12 | Create | Villager (Male) |
| 20:16 | Research | Wheelbarrow |
| 20:34 | Create | Camel Scout |
| 20:34 | Create | Camel Scout |
| 20:34 | Create | Camel Scout |
| 20:34 | Create | Camel Scout |
| 20:36 | Create | Camel Scout |
| 20:37 | Create | Camel Scout |
| 20:42 | Create | Villager (Male) |
| 20:43 | Create | Villager (Male) |
| 22:49 | Create | Villager (Male) |
| 22:50 | Create | Villager (Male) |
| 22:50 | Create | Villager (Male) |
| 22:51 | Create | Villager (Male) |
| 22:51 | Create | Villager (Male) |
| 22:51 | Create | Villager (Male) |
| 22:51 | Create | Villager (Male) |
| 22:52 | Create | Villager (Male) |
| 22:57 | Create | Transport Ship |
| 23:04 | Research | Husbandry |
| 23:05 | Research | Bloodlines |
| 23:06 | Create | Camel Scout |
| 23:06 | Create | Camel Scout |
| 23:07 | Create | Camel Scout |
| 23:14 | Build | House |
| 23:15 | Build | House |
| 23:16 | Build | House |
| 23:18 | Build | House |
| 23:19 | Build | House |
| 23:21 | Build | House |
| 23:22 | Build | House |
| 23:25 | Build | House |
| 23:34 | Create | Fire Galley |
| 23:35 | Create | Fire Galley |
| 23:35 | Create | Fire Galley |
| 23:42 | Create | Camel Scout |
| 23:43 | Create | Camel Scout |
| 24:43 | Research | Fletching |
| 24:43 | Research | Padded Archer Armor |
| 25:00 | Create | Villager (Male) |
| 25:00 | Create | Villager (Male) |
| 25:32 | Build | Castle |
| 25:51 | Create | Camel Scout |
| 25:51 | Create | Camel Scout |
| 25:51 | Create | Camel Scout |
| 25:53 | Create | Camel Scout |
| 25:53 | Create | Camel Scout |
| 25:53 | Create | Camel Scout |
| 25:53 | Create | Camel Scout |
| 25:53 | Create | Camel Scout |
| 26:03 | Create | Galley |
| 26:04 | Create | Galley |
| 26:07 | Research | War Galley (upgrade) |
| 26:07 | Research | War Galley (upgrade) |
| 26:13 | Create | Villager (Male) |
| 26:13 | Create | Villager (Male) |
| 26:19 | Build | House |
| 26:22 | Build | House |
| 26:24 | Build | House |
| 26:41 | Build | University |
| 26:45 | Build | Monastery |
Build order — Wilson Winston
129 actions detected in the replay
| 0:06 | Create | Villager (Male) |
| 0:07 | Create | Villager (Male) |
| 0:07 | Create | Villager (Male) |
| 0:07 | Create | Villager (Male) |
| 0:08 | Create | Villager (Male) |
| 0:15 | Build | House |
| 0:17 | Build | House |
| 0:37 | Build | House |
| 1:35 | Create | Villager (Male) |
| 2:11 | Create | Villager (Male) |
| 2:28 | Create | Villager (Male) |
| 3:07 | Create | Villager (Male) |
| 3:18 | Create | Villager (Male) |
| 3:41 | Build | Lumber Camp |
| 3:51 | Create | Villager (Male) |
| 4:13 | Create | Villager (Male) |
| 4:38 | Create | Villager (Male) |
| 4:59 | Build | Mill |
| 5:11 | Create | Villager (Male) |
| 5:16 | Create | Villager (Male) |
| 5:47 | Build | Mill |
| 5:55 | Create | Villager (Male) |
| 6:10 | Create | Villager (Male) |
| 6:40 | Create | Villager (Male) |
| 6:57 | Build | House |
| 6:58 | Build | House |
| 7:00 | Build | House |
| 7:05 | Build | House |
| 7:11 | Create | Villager (Male) |
| 7:57 | Create | Villager (Male) |
| 8:15 | Build | Mining Camp |
| 8:25 | Create | Villager (Male) |
| 9:07 | Build | Mining Camp |
| 9:32 | Create | Villager (Male) |
| 9:46 | Research | Feudal Age |
| 12:00 | Create | Villager (Male) |
| 12:00 | Create | Villager (Male) |
| 12:00 | Create | Villager (Male) |
| 12:07 | Age | Feudal Age |
| 12:58 | Create | Villager (Male) |
| 13:12 | Research | Double-Bit Axe |
| 13:14 | Research | Horse Collar |
| 13:27 | Create | Villager (Male) |
| 13:29 | Create | Villager (Male) |
| 13:30 | Create | Villager (Male) |
| 14:45 | Create | Villager (Male) |
| 15:06 | Build | Blacksmith |
| 15:22 | Build | Market |
| 15:25 | Create | Villager (Male) |
| 15:41 | Create | Villager (Male) |
| 15:52 | Build | House |
| 15:55 | Build | House |
| 15:56 | Build | House |
| 15:57 | Build | House |
| 15:58 | Build | House |
| 16:13 | Build | Farm |
| 16:13 | Build | Farm |
| 16:13 | Build | Farm |
| 16:14 | Build | Farm |
| 16:14 | Build | Farm |
| 16:14 | Build | Farm |
| 16:15 | Build | Farm |
| 16:16 | Build | Farm |
| 16:24 | Create | Villager (Male) |
| 16:35 | Create | Villager (Male) |
| 17:12 | Research | Castle Age |
| 17:39 | Build | Dock |
| 18:41 | Build | Barracks |
| 18:42 | Build | Barracks |
| 18:44 | Build | Barracks |
| 18:47 | Research | Scale Mail Armor |
| 18:48 | Research | Forging |
| 19:54 | Age | Castle Age |
| 20:33 | Build | Castle |
| 20:48 | Build | Mining Camp |
| 20:50 | Create | Fishing Ship |
| 20:50 | Create | Fishing Ship |
| 21:51 | Research | Fletching |
| 23:04 | Create | Villager (Male) |
| 23:05 | Create | Villager (Male) |
| 23:10 | Create | Militia |
| 23:10 | Create | Militia |
| 23:10 | Create | Militia |
| 23:11 | Research | Squires |
| 23:12 | Research | Man-at-Arms (upgrade) |
| 23:35 | Create | Militia |
| 23:35 | Create | Militia |
| 23:37 | Create | Militia |
| 23:37 | Create | Militia |
| 24:19 | Create | Fishing Ship |
| 25:53 | Build | Monastery |
| 26:01 | Build | Barracks |
| 26:23 | Research | Wheelbarrow |
| 26:33 | Research | Bow Saw |
| 26:41 | Research | Long Swordsman (upgrade) |
| 26:45 | Research | Iron Casting |
| 26:46 | Research | Chain Mail Armor |
| 27:04 | Create | Fire Galley |
| 27:04 | Create | Fire Galley |
| 27:30 | Build | Mining Camp |
| 28:18 | Build | University |
| 28:34 | Create | Villager (Male) |
| 28:34 | Create | Villager (Male) |
| 28:34 | Create | Villager (Male) |
| 28:45 | Build | Farm |
| 28:45 | Build | Farm |
| 28:46 | Build | Farm |
| 29:05 | Build | Farm |
| 29:06 | Build | Farm |
| 29:06 | Build | Farm |
| 29:11 | Create | Villager (Male) |
| 29:11 | Create | Villager (Male) |
| 30:17 | Build | Farm |
| 30:43 | Build | Farm |
| 30:50 | Create | Villager (Male) |
| 30:50 | Create | Villager (Male) |
| 30:56 | Create | Villager (Male) |
| 30:58 | Build | Farm |
| 31:54 | Create | Villager (Male) |
| 32:23 | Build | Mining Camp |
| 32:29 | Create | Villager (Male) |
| 32:46 | Create | Villager (Male) |
| 33:00 | Research | Gold Mining |
| 33:25 | Create | Villager (Male) |
| 34:24 | Research | Imperial Age |
| 35:04 | Research | Masonry |
| 35:05 | Research | Murder Holes |
| 35:06 | Research | Ballistics |
| 35:12 | Research | Pikeman (upgrade) |
Build order — Strangelyluke
147 actions detected in the replay
| 0:10 | Create | Villager (Male) |
| 0:10 | Create | Villager (Male) |
| 0:10 | Create | Villager (Male) |
| 0:11 | Create | Villager (Male) |
| 0:11 | Create | Villager (Male) |
| 1:35 | Create | Villager (Male) |
| 2:14 | Create | Villager (Male) |
| 2:28 | Create | Villager (Male) |
| 2:55 | Create | Villager (Male) |
| 3:48 | Create | Villager (Male) |
| 3:49 | Create | Villager (Male) |
| 3:50 | Create | Villager (Male) |
| 4:23 | Create | Villager (Male) |
| 4:23 | Create | Villager (Male) |
| 4:54 | Create | Villager (Male) |
| 5:12 | Build | Mill |
| 5:24 | Build | Lumber Camp |
| 6:14 | Create | Villager (Male) |
| 6:48 | Create | Villager (Male) |
| 7:22 | Create | Villager (Male) |
| 7:48 | Research | Feudal Age |
| 9:23 | Create | Villager (Male) ×5 |
| 9:58 | Age | Feudal Age |
| 10:25 | Research | Town Watch |
| 10:31 | Research | Loom |
| 10:45 | Build | Dock |
| 12:12 | Build | Mill |
| 13:03 | Research | Wheelbarrow |
| 13:08 | Research | Double-Bit Axe |
| 13:16 | Create | Fishing Ship |
| 13:54 | Build | Blacksmith |
| 14:45 | Create | Villager (Male) ×5 |
| 15:33 | Build | Market |
| 16:29 | Research | Castle Age |
| 16:55 | Build | Mining Camp |
| 17:19 | Create | Transport Ship |
| 19:14 | Research | Stone Mining |
| 19:30 | Age | Castle Age |
| 19:58 | Create | Villager (Male) ×5 |
| 19:59 | Create | Villager (Male) ×5 |
| 20:21 | Build | Town Center |
| 20:45 | Build | Town Center |
| 21:09 | Build | Farm |
| 21:10 | Build | Farm |
| 21:11 | Build | Farm |
| 21:12 | Build | Farm |
| 21:13 | Build | Farm |
| 21:14 | Build | Farm |
| 21:23 | Create | Villager (Male) |
| 21:23 | Create | Villager (Male) |
| 21:23 | Create | Villager (Male) |
| 21:58 | Build | Town Center |
| 22:25 | Build | Farm |
| 22:26 | Build | Farm |
| 22:27 | Build | Farm |
| 22:29 | Build | Farm |
| 22:46 | Create | Villager (Male) |
| 22:58 | Create | Villager (Male) |
| 23:12 | Build | Mining Camp |
| 23:35 | Build | Farm |
| 23:37 | Build | Farm |
| 23:59 | Build | Farm |
| 24:12 | Create | Villager (Male) ×4 |
| 24:50 | Build | Lumber Camp |
| 25:16 | Create | Villager (Male) ×5 |
| 25:18 | Create | Villager (Male) |
| 25:28 | Build | Farm |
| 25:30 | Build | Farm |
| 25:32 | Build | Farm |
| 25:36 | Build | Farm |
| 25:42 | Create | Villager (Male) |
| 25:42 | Create | Villager (Male) |
| 26:02 | Build | Castle |
| 26:20 | Build | Mining Camp |
| 26:34 | Build | Lumber Camp |
| 26:44 | Create | Villager (Male) ×5 |
| 26:44 | Create | Villager (Male) ×5 |
| 27:02 | Build | Farm |
| 27:04 | Build | Farm |
| 27:06 | Build | Farm |
| 27:07 | Build | Farm |
| 27:08 | Build | Farm |
| 27:10 | Build | Farm |
| 27:21 | Research | Gold Mining |
| 27:31 | Create | Villager (Male) |
| 27:31 | Create | Villager (Male) |
| 27:32 | Create | Villager (Male) |
| 27:32 | Create | Villager (Male) |
| 27:51 | Create | Villager (Male) |
| 27:51 | Create | Villager (Male) |
| 27:51 | Create | Villager (Male) |
| 27:52 | Create | Villager (Male) |
| 28:07 | Research | Horse Collar |
| 28:43 | Build | Barracks |
| 29:06 | Build | Stable |
| 29:07 | Build | Stable |
| 29:09 | Build | Stable |
| 29:10 | Build | Stable |
| 29:16 | Research | Bow Saw |
| 29:23 | Create | Villager (Male) ×5 |
| 29:23 | Create | Villager (Male) ×4 |
| 29:43 | Research | Gold Shaft Mining |
| 29:55 | Create | Villager (Male) |
| 29:56 | Create | Villager (Male) |
| 30:04 | Create | Villager (Male) |
| 30:43 | Build | Farm |
| 30:44 | Build | Farm |
| 30:46 | Build | Farm |
| 30:51 | Build | Farm |
| 30:54 | Build | Farm |
| 30:58 | Build | Farm |
| 31:07 | Build | Farm |
| 31:12 | Research | Heavy Plow |
| 31:17 | Research | Hand Cart |
| 31:20 | Create | Villager (Male) |
| 31:21 | Create | Villager (Male) |
| 31:21 | Create | Villager (Male) |
| 31:25 | Create | Villager (Male) |
| 31:56 | Build | Dock |
| 31:58 | Build | Dock |
| 32:06 | Build | Dock |
| 32:19 | Build | Dock |
| 32:30 | Create | Villager (Male) ×5 |
| 32:31 | Create | Villager (Male) ×5 |
| 32:45 | Create | Villager (Male) |
| 32:45 | Create | Villager (Male) |
| 32:50 | Create | Villager (Male) |
| 32:51 | Create | Villager (Male) |
| 32:52 | Create | Villager (Male) |
| 33:06 | Research | Marauders |
| 33:19 | Research | Husbandry |
| 33:19 | Research | Bloodlines |
| 33:54 | Create | Trade Cog ×5 |
| 33:55 | Create | Trade Cog ×2 |
| 34:26 | Create | Trade Cog ×5 |
| 34:41 | Create | Trade Cog ×5 |
| 34:42 | Create | Trade Cog ×5 |
| 34:43 | Create | Trade Cog ×3 |
| 35:02 | Research | Scale Barding Armor |
| 35:03 | Research | Forging |
| 35:05 | Research | Fletching |
| 35:07 | Research | Padded Archer Armor |
| 35:08 | Research | Scale Mail Armor |
| 35:36 | Build | Farm |
| 35:39 | Build | Farm |
| 35:40 | Build | Farm |
| 35:41 | Build | Farm |
Match timeline
| 3:42 | mikinemesis · resign |
| 5:29 | frobodo · first_building Dock |
| 6:26 | Klarinsky_93 · first_building Dock |
| 7:10 | NachoBeech2028 · first_building Barracks |
| 9:04 | NachoBeech2028 · wall_segment Palisade Wall x30 |
| 9:10 | maxhell · first_building Dock |
| 9:58 | Strangelyluke · age_up feudal |
| 10:43 | Lukrat · first_building Barracks |
| 10:45 | Strangelyluke · first_building Dock |
| 11:11 | maxhell · age_up feudal |
| 11:46 | Klarinsky_93 · first_building Barracks |
| 11:51 | Lukrat · first_building Dock |
| 12:07 | Wilson Winston · age_up feudal |
| 12:24 | Lukrat · age_up feudal |
| 13:46 | frobodo · age_up feudal |
| 13:49 | Klarinsky_93 · age_up feudal |
| 16:24 | Strangelyluke · first_market_sell 100 stone |
| 16:48 | frobodo · first_building Barracks |
| 16:59 | maxhell · first_building Barracks |
| 17:39 | Wilson Winston · first_building Dock |
| 18:13 | maxhell · first_building Archery Range |
| 18:41 | Wilson Winston · first_building Barracks |
| 18:57 | frobodo · first_building Stable |
| 19:02 | frobodo · age_up castle |
| 19:30 | Strangelyluke · age_up castle |
| 19:54 | Wilson Winston · age_up castle |
| 20:33 | Wilson Winston · first_building Castle |
| 21:21 | NachoBeech2028 · first_building Monastery |
| 23:03 | NachoBeech2028 · first_building Castle |
| 23:26 | NachoBeech2028 · first_building Dock |
| 25:24 | Klarinsky_93 · age_up castle |
| 25:32 | frobodo · first_building Castle |
| 25:53 | Wilson Winston · first_building Monastery |
| 26:02 | Strangelyluke · first_building Castle |
| 26:13 | maxhell · age_up castle |
| 26:45 | frobodo · first_building Monastery |
| 26:46 | Klarinsky_93 · first_building Siege Workshop |
| 26:49 | NachoBeech2028 · first_market_buy 100 wood |
| 27:49 | Klarinsky_93 · first_building Monastery |
| 28:29 | maxhell · first_building Castle |
| 28:43 | Strangelyluke · first_building Barracks |
| 29:06 | Strangelyluke · first_building Stable |
| 30:25 | Klarinsky_93 · first_market_buy 100 stone |
| 31:43 | maxhell · first_building Siege Workshop |
| 32:26 | Klarinsky_93 · first_building Archery Range |
| 34:14 | Strangelyluke · first_market_buy 500 wood |
[ AI ANALYSIS · 1 CREDIT ]
What really happened in this match?
Wolo.gg analyzes every decision: build order, eco, micro, common mistakes by bracket. Personalized analysis on WhatsApp or Discord in 30 seconds.
Civ guide
Teutons
Map guide
MegaRandom
Perfil
Lukrat